 Dungeon Crawl Stone Soup version 0.21.0-3-g78d12a8 (webtiles) character file.

30734 reriks1 the Pandemonic (level 13, -7/117 HPs)
             Began as a Deep Dwarf Fighter on Jan 11, 2018.
             Was a High Priest of Makhleb.
             Shot with an arrow by a centaur warrior (9 damage)
             ... on level 14 of the Dungeon.
             The game lasted 00:11:34 (9576 turns).

reriks1 the Pandemonic (Deep Dwarf Fighter)         Turns: 9576, Time: 00:11:35

Health: -7/117     AC: 18    Str: 24    XL:     13   Next: 22%
Magic:  9/9        EV: 12    Int: 10    God:    Makhleb [*****.]
Gold:   942        SH: 15    Dex: 22    Spells: 12/12 levels left

rFire    . . .     SeeInvis +   a - +0 war axe
rCold    . . .     Gourm    .   H - +2 shield
rNeg     . . .     Faith    .   v - +0 plate armour
rPois    .         Spirit   .   B - +1 helmet of Odaw {rCorr Dex+3}
rElec    .         Reflect  .   (no cloak)
rCorr    +         Harm     +   K - +0 pair of gloves
MR       +....                  (no boots)
Stlth    ..........             O - amulet of the Cockatrice {Harm *Drain Dex+7}
HPRegen  0.00/turn              D - ring of resist corrosion
MPRegen  0.11/turn              A - ring of see invisible

@: non-regenerating
A: damage resistance, heal wounds, sense surroundings 2, no regeneration
a: Heal Wounds, Minor Destruction, Lesser Servant of Makhleb, Major Destruction,
Greater Servant of Makhleb, Renounce Religion


You were on level 14 of the Dungeon.
You worshipped Makhleb.
Makhleb was extremely pleased with you.
You were very full.

You visited 2 branches of the dungeon, and saw 14 of its levels.

You collected 942 gold pieces.

Inventory:

Hand Weapons
 a - a +0 war axe (weapon)
Armour
 b - a +0 scale mail
 c - a +0 shield
 h - a +0 helmet
 o - a +2 ring mail of fire resistance
 v - a +0 plate armour (worn)
 B - the +1 helmet of Odaw (worn) {rCorr Dex+3}
   (You found it on level 8 of the Dungeon)

   It affects your dexterity (+3).
   It protects you from acid and corrosion.
 H - a +2 shield (worn)
 K - a +0 pair of gloves (worn)
Jewellery
 k - an uncursed ring of wizardry
 p - an uncursed ring of wizardry
 A - a ring of see invisible (right hand)
 D - a ring of resist corrosion (left hand)
 O - the amulet of the Cockatrice (around neck) {Harm *Drain Dex+7}
   (You found it on level 10 of the Dungeon)

   [amulet of harm]

   It increases damage dealt and taken.
   It affects your dexterity (+7).
   It causes draining when unequipped.
 X - an uncursed ring of protection from magic {unknown}
Wands
 g - a wand of polymorph (15)
 t - a wand of random effects (57)
 y - a wand of acid (1)
 C - a wand of flame (29)
 I - a wand of enslavement (9)
 Q - a wand of iceblast (7)
 S - a wand of disintegration (16)
Scrolls
 j - 4 scrolls of teleportation {unknown}
 m - 10 scrolls of identify {unknown}
 n - 6 scrolls of remove curse {unknown}
 q - 3 scrolls of noise {unknown}
 r - a scroll of fog {unknown}
 s - 3 scrolls of magic mapping {unknown}
 x - 2 scrolls of enchant weapon {unknown}
 F - a scroll of amnesia {unknown}
 J - a scroll of immolation {unknown}
 M - 2 scrolls of vulnerability {unknown}
 N - 2 scrolls of blinking {unknown}
Potions
 d - 2 potions of might
 e - 13 potions of curing {unknown}
 i - 2 potions of degeneration {unknown}
 l - 4 potions of heal wounds {unknown}
 u - a potion of brilliance {unknown}
 w - 3 potions of haste {unknown}
 E - a potion of flight {unknown}
 G - 2 potions of resistance {unknown}
 P - 2 potions of mutation {unknown}
 U - a potion of invisibility {unknown}
Books
 z - a book of Geomancy

   Spells                             Type                      Level
   a - Sandblast                      Earth                        1
   b - Passwall                       Transmutation/Earth          2
   c - Stone Arrow                    Conjuration/Earth            3
   d - Petrify                        Transmutation/Earth          4
   e - Lee's Rapid Deconstruction     Earth                        5
 L - a Young Poisoner's Handbook

   Spells                             Type                      Level
   a - Sting                          Conjuration/Poison           1
   b - Poisonous Vapours              Poison/Air                   2
   c - Mephitic Cloud                 Conjuration/Poison/Air       3
   d - Olgreb's Toxic Radiance        Poison                       4
   e - Venom Bolt                     Conjuration/Poison           5
 R - a book of Misfortune

   Spells                             Type                      Level
   a - Confusing Touch                Hexes                        1
   b - Confuse                        Hexes                        3
   c - Gell's Gravitas                Translocation                3
   d - Petrify                        Transmutation/Earth          4
   e - Metabolic Englaciation         Hexes/Ice                    5
   f - Yara's Violent Unravelling     Hexes/Transmutation          5
 V - a book of Power

   Spells                             Type                      Level
   a - Iskenderun's Battlesphere      Conjuration/Charms           5
   b - Venom Bolt                     Conjuration/Poison           5
   c - Bolt of Magma                  Conjuration/Fire/Earth       5
   d - Iron Shot                      Conjuration/Earth            6
   e - Orb of Destruction             Conjuration                  7
   f - Spellforged Servitor           Conjuration/Summoning        7
Comestibles
 f - 23 rations


   Skills:
 - Level 8.0 Fighting
 - Level 12.6 Axes
 - Level 9.6 Armour
 - Level 8.9 Dodging
 - Level 9.6 Shields
 + Level 13.9 Invocations


You had 12 spell levels left.
You didn't know any spells.

Dungeon Overview and Level Annotations

Branches:
Dungeon (14/15)            Temple (1/1) D:6            Lair (0/6) D:8
    Orc (0/2) D:11         Vaults (0/5) D:14

Altars:
Ashenzari
Cheibriados
Dithmenos
Elyvilon
Fedhas
Gozag
Hepliaklqana
Kikubaaqudgha
Makhleb
Nemelex Xobeh
Qazlal
Ru
Sif Muna
Trog
Uskayaw
Vehumet
Wu Jian
Xom
Zin
The Shining One

Shops:
D:11 [(

Annotations:
D:14 Agnes


Innate Abilities, Weirdness & Mutations

You are resistant to damage.
You can heal yourself by infusing magical energy.
You passively map the area around you.
You do not regenerate.


Message History

You feel much better.
The centaur warrior hits you but does no damage.
Agnes hits you with a lajatang of speed!!
* * * LOW HITPOINT WARNING * * *
The centaur warrior hits you!
* * * LOW HITPOINT WARNING * * *
You block Agnes's attack.
Okay, then.
As you read the scroll of summoning, it crumbles to dust.
Wisps of shadow whirl around you... You block Agnes's attack.
You block the centaur warrior's attack.
Agnes says, "It is my duty to kill you, but also my pleasure."
You block Agnes's attack.
You swap places.
The centaur warrior hits your crimson imp!
Agnes hits your crimson imp with a lajatang of speed!!
Your crimson imp dies!
The centaur warrior wields an uncursed longbow.
The centaur warrior shoots an arrow.
The arrow hits you!
You die...

....# , , , , , , ##### *
* , , ### ** **** *, , ,
#.. * #.# * #.# *
####.######## ##+######
............#
###W.......,
............###(@(i......
,
................#.c...<..
............#####.O......
, ............# ########+
* ............# * ,
............# *
#.########### *, * #..##
* ##..#


You could see Agnes, a centaur warrior, a friendly two-headed ogre and a
friendly shadow.

Vanquished Creatures
  Erolcha (D:12)
  2 hydras (D:12)
  2 centaur warriors
  3 two-headed ogres
  The ghost of bees the Slicer, a journeyman KoAK of Lugonu (D:10)
  5 skeletal warriors (D:14)
  2 unseen horrors
  A wizard (D:9)
  2 cyclopes
  6 ugly things
  2 manticores
  2 centaur zombies (D:14)
  2 gargoyles
  3 kobold demonologists (D:13)
  2 trolls
  6 slime creatures (D:14)
  A meliai zombie (D:12)
  3 hippogriffs
  18 yaks
  A shadow (D:14)
  A vampire (D:11)
  A wyvern (D:9)
  A wraith (D:14)
  Eustachio (D:6)
  A steam dragon (D:12)
  4 hungry ghosts
  A water moccasin (D:6)
  5 black bears
  2 sky beasts
  5 orc warriors
  An eye of draining (D:11)
  4 ice beasts
  3 necrophages
  3 phantoms
  7 ogres
  13 centaurs
  4 big kobolds
  A crocodile (D:6)
  13 bullfrogs
  A water moccasin skeleton (D:11)
  A wyvern skeleton (D:10)
  5 scorpions
  3 wights (D:6)
  6 howler monkeys
  12 crimson imps
  2 bullfrog zombies
  8 hounds
  7 jellies
  3 centaur skeletons
  10 orc priests
  15 orc wizards
  6 iguanas
  Natasha (D:4)
  10 worker ants
  A killer bee zombie (D:7)
  A hound skeleton (D:9)
  12 adders
  3 gnolls (D:6)
  5 shadow imps
  3 oozes
  An adder zombie (D:7)
  3 worms
  6 dart slugs
  6 leopard geckos
  50 orcs
  A ball python (D:7)
  4 giant cockroaches
  5 goblins
  4 hobgoblins
  11 jackals
  15 kobolds
  A quokka (D:9)
  A ball python skeleton (D:5)
  6 bats
  2 frilled lizards
  A jackal zombie (D:5)
  3 leopard gecko skeletons
  6 rats
377 creatures vanquished.

Vanquished Creatures (others)
  A gargoyle (D:11)
1 creature vanquished.

Grand Total: 378 creatures vanquished

Notes
Turn   | Place    | Note
-------+----------+-------------------------------------------
     0 | D:1      | reriks1 the Deep Dwarf Fighter began the quest for the Orb.
     0 | D:1      | Reached XP level 1. HP: 20/20 MP: 1/1
    32 | D:1      | Reached XP level 2. HP: 24/27 MP: 2/2
   257 | D:1      | Reached XP level 3. HP: 19/33 MP: 3/3
   546 | D:1      | Reached skill level 1 in Dodging
   923 | D:2      | Reached XP level 4. HP: 37/42 MP: 3/3
  1193 | D:2      | You fall through a shaft for 2 floors!
  1370 | D:4      | Noticed an ogre
  1379 | D:4      | Killed an ogre
  1379 | D:4      | Reached XP level 5. HP: 49/49 MP: 4/4
  1650 | D:4      | Noticed Natasha
  1655 | D:4      | Killed Natasha
  1844 | D:4      | Noticed a phantom
  1862 | D:4      | Killed a phantom
  1862 | D:4      | Reached XP level 6. HP: 50/56 MP: 5/5
  2080 | D:5      | Entered Level 5 of the Dungeon
  2080 | D:5      | Found a radiant altar of Vehumet.
  2080 | D:5      | Found a stormy altar of Qazlal.
  2080 | D:5      | Noticed a yak
  2081 | D:5      | Noticed a yak
  2081 | D:5      | Noticed a yak
  2082 | D:5      | Found a shattered altar of Ashenzari.
  2082 | D:5      | Noticed an ice beast
  2083 | D:5      | Found an ornate altar of the Wu Jian Council.
  2084 | D:5      | Found an opulent altar of Gozag.
  2101 | D:4      | Killed an ice beast
  2108 | D:4      | Killed a yak
  2108 | D:4      | Reached skill level 5 in Axes
  2108 | D:4      | Reached XP level 7. HP: 39/63 MP: 6/6
  2201 | D:5      | Killed a yak
  2201 | D:5      | Reached skill level 5 in Armour
  2201 | D:5      | Reached skill level 5 in Shields
  2212 | D:5      | Killed a yak
  2255 | D:5      | Found a glowing golden altar of the Shining One.
  2267 | D:5      | Reached XP level 8. HP: 40/73 MP: 7/7
  2818 | D:6      | Found a staircase to the Ecumenical Temple.
  2897 | Temple   | Entered the Ecumenical Temple
  3042 | D:6      | Found a shimmering altar of Xom.
  3043 | D:6      | Found a burning altar of Makhleb.
  3051 | D:6      | Became a worshipper of Makhleb the Destroyer
  3089 | D:6      | Reached skill level 5 in Fighting
  3205 | D:6      | Reached skill level 5 in Dodging
  3205 | D:6      | Gained mutation: You passively map the area around you. [Deep Dwarf growth]
  3205 | D:6      | Reached XP level 9. HP: 56/81 MP: 4/4
  3217 | D:6      | Noticed Eustachio
  3235 | D:6      | Killed Eustachio
  3521 | D:6      | Found a shadowy altar of Dithmenos.
  4090 | D:7      | Reached * piety under Makhleb
  4777 | D:8      | Got a pitted helmet
  4788 | D:8      | Identified the +1 helmet of Odaw {rCorr Dex+3} (You found it on level 8 of the Dungeon)
  4797 | D:8      | Found a staircase to the Lair.
  4951 | D:8      | Reached XP level 10. HP: 54/90 MP: 4/4
  5468 | D:9      | Reached ** piety under Makhleb
  5635 | D:9      | Reached skill level 10 in Axes
  5785 | D:9      | Noticed a wizard
  5798 | D:9      | Killed a wizard
  6130 | D:10     | Entered Level 10 of the Dungeon
  6133 | D:10     | Noticed bees's ghost (journeyman KoAK)
  6141 | D:10     | Reached *** piety under Makhleb
  6276 | D:10     | Killed bees's ghost
  6310 | D:10     | Noticed a cyan ugly thing
  6324 | D:10     | Killed a cyan ugly thing
  6463 | D:10     | Noticed a gargoyle
  6464 | D:10     | Reached XP level 11. HP: 65/99 MP: 3/3
  6505 | D:10     | Got a heavily runed emerald amulet
  6506 | D:10     | Identified the amulet of the Cockatrice {Harm *Drain Dex+7} (You found it on level 10 of the Dungeon)
  6573 | D:10     | Reached **** piety under Makhleb
  6726 | D:11     | Noticed a two-headed ogre
  6740 | D:11     | Killed a two-headed ogre
  6789 | D:11     | Found a staircase to the Orcish Mines.
  6789 | D:11     | Found Xoniged's Weapon Boutique.
  6888 | D:11     | You fall through a shaft for 2 floors!
  6888 | D:13     | Noticed an unseen horror
  6911 | D:13     | Killed an unseen horror
  6965 | D:13     | Noticed a two-headed ogre
  6978 | D:13     | Killed a two-headed ogre
  7073 | D:13     | Noticed a centaur warrior
  7088 | D:13     | Killed a centaur warrior
  7364 | D:12     | Noticed a five-headed hydra
  7372 | D:12     | Reached XP level 12. HP: 110/110 MP: 3/3
  7375 | D:12     | Killed a six-headed hydra
  7524 | D:12     | Reached skill level 1 in Invocations
  7553 | D:12     | Noticed a seven-headed hydra
  7562 | D:12     | Killed an eight-headed hydra
  7562 | D:12     | Reached skill level 3 in Invocations
  7572 | D:12     | Noticed Erolcha
  7576 | D:12     | Reached skill level 4 in Invocations
  7588 | D:12     | Killed Erolcha
  7588 | D:12     | Reached skill level 5 in Invocations
  7763 | D:12     | Reached skill level 6 in Invocations
  8074 | D:12     | Reached skill level 7 in Invocations
  8185 | D:12     | Noticed a two-headed ogre
  8193 | D:12     | Killed a two-headed ogre
  8193 | D:12     | Reached skill level 8 in Invocations
  8606 | D:11     | Reached ***** piety under Makhleb
  8751 | D:11     | Found Momap's Antique Armour Boutique.
  8770 | D:11     | Reached skill level 9 in Invocations
  8845 | D:11     | Reached skill level 10 in Invocations
  9171 | D:14     | Reached skill level 11 in Invocations
  9243 | D:14     | Noticed a centaur warrior
  9269 | D:14     | Killed a centaur warrior
  9269 | D:14     | Reached skill level 12 in Invocations
  9302 | D:14     | Reached XP level 13. HP: 101/117 MP: 13/13
  9398 | D:14     | Reached skill level 13 in Invocations
  9492 | D:14     | Found a gate to the Vaults.
  9559 | D:14     | Noticed Agnes
  9574 | D:14     | HP: 2/117 [centaur warrior (9)]
  9576 | D:14     | Shot with an arrow by a centaur warrior

Skill      XL: |  1  2  3  4  5  6  7  8  9 10 11 12 13 |
---------------+----------------------------------------+-----
Axes           | 3 4 5 6 7 9 11 12 | 12.6
Dodging        | 1 2 3 5 6 7 8 |  8.9
Fighting       | 3 4 5 6 7 8 |  8.0
Armour         | 4 5 6 7 8 9 |  9.6
Shields        | 4 5 6 7 8 9 |  9.6
Invocations    | 12 13 | 13.9

Action                   |  1- 3 |  4- 6 |  7- 9 | 10-12 | 13-15 || total
-------------------------+-------+-------+-------+-------+-------++-------
Melee: War axe           |   106 |    85 |   470 |   915 |   119 ||  1695
 Abil: Heal Wounds       |     1 |     4 |    15 |    11 |    13 ||    44
Evoke: Wand              |       |     2 |     6 |     7 |     1 ||    16
  Use: Scroll            |       |       |       |       |     1 ||     1
  Eat: Chunk             |       |     4 |    12 |    18 |     2 ||    36
       Ration            |       |       |       |       |     3 ||     3
Armor: Scale mail        |    24 |       |       |       |       ||    24
       Ring mail         |    17 |    39 |   153 |       |       ||   209
       Plate armour      |       |       |    31 |   435 |    42 ||   508
Dodge: Dodged            |    43 |    35 |   182 |   325 |    33 ||   618
Block: Shield            |    52 |    41 |   290 |   721 |   111 ||  1215
